[Event "58th Akiba Rubinstein D 2022"]
[Site "Polanica-Zdroj"]
[Date "2022.08.18"]
[Round "6.19"]
[White "Nowicki, Bartosz"]
[Black "Wziatek, Marek"]
[Result "1-0"]
[ECO "B35"]
[WhiteElo "2291"]
[BlackElo "1617"]
[Annotator "TA"]
[PlyCount "91"]
[EventDate "2022.08.13"]
[EventCountry "POL"]
[SourceTitle "playchess.com"]
[Source "ChessBase"]
[SourceQuality "1"]
[TimeControl "40/5400+30:1800+30"]

1. e4 c5 2. Nf3 Nc6 3. Nc3 g6 4. d4 cxd4 5. Nxd4 Bg7 6. Be3 Nf6 7. Bc4 Na5 8. Be2 {[%emt 0:03:56] B35: Sicilian: Accelerated Dragon with 5 Nc3: main line.} (8. Bxf7+ {feels hotter.} Kxf7 9. e5 b6 10. exf6 Bxf6 11. Nd5) 8... d6 9. O-O O-O 10. h3 {[%emt 0:04:38] White has an edge.} Bd7 11. f4 a6 12. Qd2 Rc8 13. Rad1 Nc4 {[%emt 0:02:04] Prevents e5.} (13... Qc7 $11 {remains equal.}) 14. Bxc4 $16 Rxc4 15. b3 (15. e5 $1 $14 Ne8 16. Bf2) 15... Rc8 (15... Rxc3 $5 16. Qxc3 Nxe4 $11) 16. e5 Ne8 {[%emt 0:00:18] [#]} 17. Nf3 $146 ({Predecessor:} 17. Ne4 d5 18. Ng5 e6 19. g4 Nc7 20. h4 Nb5 21. Nxb5 Bxb5 22. Rf2 Qc7 23. h5 {0-1 (51) Hernandez Torres,A (1905)-Garces,J (2012) Puerto Boyaca 2012}) 17... e6 {[%emt 0:01:44] Against Nd5} (17... b5 $11) 18. Ne4 d5 (18... Bc6 $1 $14 19. Nxd6 Nxd6) 19. Nf2 {[%emt 0:05:44] 0x0.001ebad69272dp-1022s more active pieces. The black rooks are badly placed.} Qc7 20. c4 $36 {[%emt 0:01:04][%mdl 2048] Black is under strong pressure.} h5 (20... Qb8 $16 21. Qb4 (21. cxd5 exd5 22. Qxd5 Bc6 $16) 21... Nc7) 21. c5 (21. Rc1 $18 {is more deadly.}) 21... Bh6 (21... Kh8 $16 {is a better defense.}) 22. g4 $18 Qd8 (22... Bb5 $16 {was called for.}) 23. Kh2 h4 (23... Ng7 {was worth a try.} 24. g5 Bxg5) 24. g5 Bg7 25. Ng4 Bc6 (25... Bb5 $142 26. Rg1 d4 27. Nxd4 (27. Qxd4 Qxd4 28. Nxd4 Nc7 $16) 27... Rxc5 28. Nf6+ Nxf6) 26. Bd4 Nc7 27. Qf2 {[%emt 0:01:11] [#] aiming for Nf6+.} Re8 28. Nf6+ Kf8 29. Qxh4 ({Don't play} 29. Nxe8 Nxe8 30. Nxh4 Kg8 $18) 29... Nb5 $2 (29... Ke7 30. Qh7 Rg8) 30. Qh7 {[%emt 0:00:34] Threatens to win with f5.} Nxd4 31. Nxd4 {[%emt 0:01:33] Black must now prevent f5. Pair of Knights!} Qa5 32. Qg8+ Ke7 33. Nxc6+ bxc6 34. Nxe8 Qxa2+ 35. Kg3 Rxe8 36. Qxg7 {[%emt 0:00:10] Ra1 is the strong threat.} Rf8 37. Qf6+ Ke8 38. Ra1 Qxb3+ 39. Kh4 Qc4 40. Rab1 Kd7 41. Qg7 Qxc5 42. Rb7+ Kc8 {[%emt 0:02:50] [#]} 43. Qxf8+ $3 Qxf8 44. Rfb1 {[%emt 0:00:03] Threatening mate with Rb8+.} Qc5 45. Rf1 $4 Qf8 $2 (45... Kxb7 $19 46. Kg3 a5) 46. Rfb1 {[%mdl 32768] White used his chance.  Weighted Error Value: White=0.28 (precise) /Black=0.72. Loss on time!?} 1-0

[Event "58th Akiba Rubinstein D 2022"]
[Site "Polanica-Zdroj"]
[Date "2022.08.18"]
[Round "6.20"]
[White "Butkiewicz, Jan"]
[Black "Karpiuk, Julian"]
[Result "1-0"]
[ECO "E11"]
[WhiteElo "1613"]
[BlackElo "1513"]
[Annotator "NA RC"]
[PlyCount "55"]
[EventDate "2022.08.13"]
[EventCountry "POL"]
[SourceTitle "playchess.com"]
[Source "ChessBase"]
[SourceQuality "1"]
[TimeControl "40/5400+30:1800+30"]

1. d4 Nf6 2. c4 e6 3. Nf3 Bb4+ 4. Nbd2 O-O 5. a3 Bxd2+ 6. Bxd2 d6 7. Qc2 Qe7 8. e4 Nc6 9. b4 e5 10. d5 Nd4 11. Nxd4 exd4 12. f3 c5 13. bxc5 dxc5 14. Bd3 b5 15. cxb5 Nxd5 16. Rc1 Qh4+ 17. g3 Qh5 18. O-O Bh3 19. exd5 Bxf1 20. Rxf1 Rac8 21. Bc4 Rfe8 22. a4 Qh3 23. a5 h5 24. b6 axb6 25. axb6 Re7 26. d6 Rd7 27. Bf4 g5 28. Qg6+ 1-0

[Event "58th Akiba Rubinstein D 2022"]
[Site "Polanica-Zdroj"]
[Date "2022.08.18"]
[Round "6.21"]
[White "Rychlik, Michal"]
[Black "Milczarek, Robert"]
[Result "1/2-1/2"]
[ECO "E62"]
[WhiteElo "1354"]
[BlackElo "1653"]
[Annotator "NA RC"]
[PlyCount "49"]
[EventDate "2022.08.13"]
[EventCountry "POL"]
[SourceTitle "playchess.com"]
[Source "ChessBase"]
[SourceQuality "1"]
[TimeControl "40/5400+30:1800+30"]

1. d4 Nf6 2. c4 g6 3. Nc3 Bg7 4. g3 O-O 5. Bg2 d6 6. Nf3 Nc6 7. O-O Bf5 8. Be3 Ne4 9. Na4 a6 10. Nh4 b5 11. cxb5 axb5 12. Bxe4 Bxe4 13. Nc3 d5 14. Nxb5 e5 15. f3 g5 16. fxe4 gxh4 17. exd5 Qxd5 18. Nc3 Qd6 19. d5 Nd4 20. Bf2 Qg6 21. Kh1 h3 22. e3 Nb5 23. Be1 Nd6 24. Bd2 Rab8 25. b3 1/2-1/2

[Event "58th Akiba Rubinstein D 2022"]
[Site "Polanica-Zdroj"]
[Date "2022.08.18"]
[Round "6.22"]
[White "Markiewicz, Jacek"]
[Black "Soszka, Szymon"]
[Result "0-1"]
[ECO "B12"]
[WhiteElo "1610"]
[BlackElo "1355"]
[Annotator "NA RC"]
[PlyCount "78"]
[EventDate "2022.08.13"]
[EventCountry "POL"]
[SourceTitle "playchess.com"]
[Source "ChessBase"]
[SourceQuality "1"]
[TimeControl "40/5400+30:1800+30"]

1. e4 c6 2. d4 d5 3. e5 Bf5 4. h4 Bd7 5. Be3 e6 6. Nd2 c5 7. c3 Qb6 8. Rb1 Nc6 9. Ngf3 cxd4 10. cxd4 Bb4 11. a3 Bxd2+ 12. Qxd2 Nge7 13. Be2 Nf5 14. O-O O-O 15. b4 Rfc8 16. g4 Nxe3 17. fxe3 Nd8 18. b5 Be8 19. Bd3 Qc7 20. Rbc1 Qd7 21. Ng5 h6 22. Nh7 Qe7 23. g5 hxg5 24. hxg5 Qxa3 25. Nf6+ Kf8 26. g6 Rxc1 27. Rxc1 gxf6 28. g7+ Kxg7 29. Kh2 fxe5 30. dxe5 Qa4 31. Qg2+ Kf8 32. Qg5 Qa5 33. Qh6+ Ke7 34. Qh4+ Kd7 35. Rd1 Rc8 36. e4 Rc1 37. Rxc1 Qd2+ 38. Kg1 Qxc1+ 39. Bf1 Qe3+ 0-1

[Event "58th Akiba Rubinstein D 2022"]
[Site "Polanica-Zdroj"]
[Date "2022.08.18"]
[Round "6.23"]
[White "Wilgosz, Tomasz"]
[Black "Krygiel, Konrad"]
[Result "1/2-1/2"]
[ECO "C54"]
[WhiteElo "1513"]
[BlackElo "1603"]
[Annotator "NA RC"]
[PlyCount "21"]
[EventDate "2022.08.13"]
[EventCountry "POL"]
[SourceTitle "playchess.com"]
[Source "ChessBase"]
[SourceQuality "1"]
[TimeControl "40/5400+30:1800+30"]

1. e4 e5 2. Nf3 Nc6 3. Bc4 Bc5 4. c3 Nf6 5. d4 exd4 6. e5 d5 7. Bb5 Ne4 8. cxd4 Bb6 9. h3 O-O 10. O-O f6 11. Nc3 1/2-1/2

[Event "58th Akiba Rubinstein D 2022"]
[Site "Polanica-Zdroj"]
[Date "2022.08.18"]
[Round "6.24"]
[White "Suszczynski, Dominik"]
[Black "Litwin, Tomasz"]
[Result "1/2-1/2"]
[ECO "C00"]
[WhiteElo "1329"]
[BlackElo "1580"]
[Annotator "NA RC"]
[PlyCount "61"]
[EventDate "2022.08.13"]
[EventCountry "POL"]
[SourceTitle "playchess.com"]
[Source "ChessBase"]
[SourceQuality "1"]
[TimeControl "40/5400+30:1800+30"]

1. e4 e6 2. Nf3 d5 3. e5 c5 4. b4 cxb4 5. d4 Ne7 6. a3 Nf5 7. axb4 Bxb4+ 8. c3 Bf8 9. Na3 Bd7 10. Bd3 Nc6 11. Nb5 a6 12. g4 axb5 13. Rxa8 Qxa8 14. gxf5 exf5 15. Qb3 Qa5 16. O-O b4 17. Bb2 Be6 18. Ra1 Qd8 19. c4 Be7 20. cxd5 Qxd5 21. Ra8+ Bd8 22. Qxd5 Bxd5 23. Nd2 Ne7 24. Nc4 O-O 25. Ne3 Be6 26. Rb8 f4 27. Nc4 Bd5 28. Nd6 Nc6 29. Ra8 Bb6 30. Bxh7+ Kxh7 31. Rxf8 1/2-1/2

[Event "58th Akiba Rubinstein D 2022"]
[Site "Polanica-Zdroj"]
[Date "2022.08.18"]
[Round "6.25"]
[White "Para, Tomasz"]
[Black "Perucki, Maciej"]
[Result "1/2-1/2"]
[ECO "D00"]
[WhiteElo "1796"]
[BlackElo "1449"]
[Annotator "NA RC"]
[PlyCount "47"]
[EventDate "2022.08.13"]
[EventCountry "POL"]
[SourceTitle "playchess.com"]
[Source "ChessBase"]
[SourceQuality "1"]
[TimeControl "40/5400+30:1800+30"]

1. d4 d5 2. Bf4 Nf6 3. e3 c5 4. c3 Nc6 5. Nd2 Bf5 6. Ngf3 cxd4 7. exd4 Qb6 8. Qb3 e6 9. Qxb6 axb6 10. Bb5 Be7 11. O-O O-O 12. Rfe1 h6 13. h3 Rfc8 14. Ne5 g5 15. Bh2 Nxe5 16. Bxe5 Ne8 17. Nf3 Nd6 18. Bxd6 Bxd6 19. a3 Ra5 20. Bf1 b5 21. Rad1 Kg7 22. Bd3 Bxd3 23. Rxd3 b6 24. Rde3 1/2-1/2

[Event "58th Akiba Rubinstein D 2022"]
[Site "Polanica-Zdroj"]
[Date "2022.08.18"]
[Round "6.26"]
[White "Bartosik, Dawid"]
[Black "Ursnik, Patryk"]
[Result "0-1"]
[ECO "B34"]
[WhiteElo "1443"]
[BlackElo "1671"]
[Annotator "NA RC"]
[PlyCount "88"]
[EventDate "2022.08.13"]
[EventCountry "POL"]
[SourceTitle "playchess.com"]
[Source "ChessBase"]
[SourceQuality "1"]
[TimeControl "40/5400+30:1800+30"]

1. e4 c5 2. Nf3 Nc6 3. d4 cxd4 4. Nxd4 Nf6 5. Nc3 e5 6. Ndb5 d6 7. Nd5 Nxd5 8. exd5 Ne7 9. c4 Ng6 10. Bd3 Be7 11. O-O O-O 12. Be3 a6 13. Nc3 f5 14. f3 Bg5 15. Bxg5 Qxg5 16. Qc1 Nf4 17. Qc2 Rf6 18. g3 Bd7 19. Kh1 Nh5 20. Qg2 Rh6 21. Rae1 f4 22. g4 Ng3+ 23. Kg1 Nxf1 24. Rxf1 Rh4 25. Ne4 Qd8 26. Rf2 Qb6 27. Kf1 h5 28. h3 hxg4 29. hxg4 Qe3 30. Rd2 Rf8 31. Qf2 Rh3 32. Kg2 Qxf2+ 33. Rxf2 Bxg4 34. Nxd6 Rg3+ 35. Kf1 Bxf3 36. Bb1 b5 37. Rh2 Rf6 38. Bh7+ Kf8 39. Nc8 Bg4 40. Nb6 Rxb6 41. c5 Rh6 42. Rxh6 gxh6 43. c6 Ke7 44. c7 Kd6 0-1

[Event "58th Akiba Rubinstein D 2022"]
[Site "Polanica-Zdroj"]
[Date "2022.08.18"]
[Round "6.27"]
[White "Stachowiak, Bruno"]
[Black "Karpinski, Andrzej"]
[Result "1-0"]
[ECO "C42"]
[WhiteElo "1462"]
[BlackElo "1634"]
[Annotator "NA RC"]
[PlyCount "55"]
[EventDate "2022.08.13"]
[EventCountry "POL"]
[SourceTitle "playchess.com"]
[Source "ChessBase"]
[SourceQuality "1"]
[TimeControl "40/5400+30:1800+30"]

1. e4 Nf6 2. Nc3 e5 3. Nf3 d6 4. Bc4 Be7 5. h3 O-O 6. d3 c6 7. Bb3 Nbd7 8. Be3 Qa5 9. Qd2 b5 10. a3 Qc7 11. d4 a6 12. g4 c5 13. dxe5 Nxe5 14. Nxe5 dxe5 15. g5 Nh5 16. Nd5 Qd6 17. O-O-O Kh8 18. Qe2 g6 19. Nf6 Qc7 20. Nxh5 c4 21. Ba2 gxh5 22. f4 f6 23. Qxh5 Bb7 24. g6 Bd8 25. fxe5 Bxe4 26. Rhg1 Bb7 27. Rh1 Be4 28. Rhg1 1-0

[Event "58th Akiba Rubinstein D 2022"]
[Site "Polanica-Zdroj"]
[Date "2022.08.18"]
[Round "6.28"]
[White "Garwacki, Kornel"]
[Black "Klama, Andrzej"]
[Result "1/2-1/2"]
[ECO "A00"]
[WhiteElo "1571"]
[BlackElo "1441"]
[Annotator "NA RC"]
[PlyCount "66"]
[EventDate "2022.08.13"]
[EventCountry "POL"]
[SourceTitle "playchess.com"]
[Source "ChessBase"]
[SourceQuality "1"]
[TimeControl "40/5400+30:1800+30"]

1. Nc3 e6 2. g3 Nf6 3. Bg2 d5 4. e4 dxe4 5. Nxe4 Nxe4 6. Bxe4 Be7 7. d4 O-O 8. Be3 c6 9. c3 Nd7 10. h4 f5 11. Bc2 Nf6 12. Nh3 Ng4 13. Bf4 h6 14. f3 Nf6 15. Qe2 Bd6 16. Rg1 Nh5 17. Be5 Bxe5 18. dxe5 g6 19. Bb3 Kh7 20. Rd1 Qe7 21. Rd6 Rd8 22. Qd2 Rxd6 23. exd6 Qf7 24. g4 fxg4 25. fxg4 Ng7 26. Qe3 Bd7 27. Rf1 Qg8 28. Qf4 b5 29. h5 g5 30. Qf6 Qd8 31. Qg6+ Kg8 32. Qf6 Kh7 33. Qg6+ Kg8 1/2-1/2

[Event "58th Akiba Rubinstein D 2022"]
[Site "Polanica-Zdroj"]
[Date "2022.08.18"]
[Round "6.29"]
[White "Perek, Oskar"]
[Black "Gorecka, Zuzanna"]
[Result "1-0"]
[ECO "D79"]
[WhiteElo "1555"]
[BlackElo "1287"]
[Annotator "NA RC"]
[PlyCount "82"]
[EventDate "2022.08.13"]
[EventCountry "POL"]
[SourceTitle "playchess.com"]
[Source "ChessBase"]
[SourceQuality "1"]
[TimeControl "40/5400+30:1800+30"]

1. Nf3 d5 2. g3 g6 3. Bg2 Bg7 4. O-O c5 5. c3 Nf6 6. d4 cxd4 7. cxd4 O-O 8. Nc3 Nc6 9. a3 a5 10. Re1 Bf5 11. Nh4 Be6 12. e3 Rc8 13. Qb3 Rb8 14. Bd2 Qd7 15. Nf3 Rfd8 16. Rac1 Bf5 17. Ne5 Nxe5 18. dxe5 Ne4 19. Nxe4 dxe4 20. Bxa5 b6 21. Bc3 Qb7 22. Red1 Bg4 23. Rxd8+ Rxd8 24. Bd4 Rc8 25. Rxc8+ Qxc8 26. Qc3 Qb7 27. b4 Qd5 28. h3 Bd7 29. e6 Bxe6 30. Bxg7 Qd1+ 31. Kh2 f6 32. Bxf6 exf6 33. Qxf6 Qd5 34. Qf4 g5 35. Qxe4 Qd7 36. Qa8+ Kg7 37. Qb7 Qxb7 38. Bxb7 Bd7 39. f4 g4 40. hxg4 Bxg4 41. e4 Bd7 1-0

[Event "58th Akiba Rubinstein D 2022"]
[Site "Polanica-Zdroj"]
[Date "2022.08.18"]
[Round "6.30"]
[White "Balcerzak, Robert"]
[Black "Latacz, Grzegorz"]
[Result "1/2-1/2"]
[ECO "B34"]
[WhiteElo "1357"]
[BlackElo "1449"]
[Annotator "NA RC"]
[PlyCount "44"]
[EventDate "2022.08.13"]
[EventCountry "POL"]
[SourceTitle "playchess.com"]
[Source "ChessBase"]
[SourceQuality "1"]
[TimeControl "40/5400+30:1800+30"]

1. e4 c5 2. Nf3 Nc6 3. d4 cxd4 4. Nxd4 g6 5. Nc3 Bg7 6. Nb3 Nf6 7. Be2 d6 8. O-O O-O 9. Bg5 Bd7 10. Kh1 Rc8 11. f4 a6 12. a4 Be6 13. f5 Bxb3 14. cxb3 Ne5 15. g4 Qa5 16. Bd2 Qd8 17. g5 Nfd7 18. Be3 Nc5 19. b4 Ncd7 20. Qb3 Kh8 21. Qd1 Kg8 22. Qb3 Kh8 1/2-1/2

[Event "58th Akiba Rubinstein D 2022"]
[Site "Polanica-Zdroj"]
[Date "2022.08.19"]
[Round "7.1"]
[White "Jasiulewicz, Dawid"]
[Black "Meizlin, Yaacov"]
[Result "1-0"]
[ECO "D02"]
[WhiteElo "1525"]
[BlackElo "1938"]
[Annotator "TA"]
[PlyCount "117"]
[EventDate "2022.08.13"]
[EventCountry "POL"]
[SourceTitle "playchess.com"]
[Source "ChessBase"]
[SourceQuality "1"]
[TimeControl "40/5400+30:1800+30"]

1. d4 d5 2. Nf3 e6 3. c4 Nf6 4. e3 Be7 5. Nc3 O-O 6. Bd3 dxc4 7. Bxc4 a6 8. O-O {[%emt 0:00:13] 8.a4 is more fashionable.} c5 (8... b5 $5 9. Bd3 Bb7 $11) 9. Bb3 {[%emt 0:08:28] D37: Queen's Gambit Declined: 5 Bf4.} Nbd7 10. Qe2 (10. e4 $5 ) 10... b5 {[%emt 0:04:11][%cal Bb7b5,Bb5b4][%mdl 32] [#]} 11. a4 $146 {[%emt 0:00:44] The position is equal.} ({Predecessor:} 11. Rd1 Qb6 12. Bc2 Bb7 13. e4 cxd4 14. Nxd4 Bc5 15. Nb3 Bb4 16. e5 Nd5 17. Nxd5 Bxd5 18. Rxd5 exd5 {1-0 (27) Atakanov,A-Ajigulov,N Bishkek 2013}) 11... b4 12. Nb1 Bb7 13. Nbd2 cxd4 14. exd4 Nb6 15. Rd1 (15. a5 $5 Nbd7 16. Nc4 $11) 15... Bd5 16. Ne5 Bxb3 17. Nxb3 Qd5 18. Qd3 (18. a5 $11 Nbd7 19. Bg5) 18... Rac8 19. Bg5 Nc4 20. Nxc4 Qxc4 (20... Rxc4 $15 21. a5 Rfc8) 21. Qf3 (21. Qxc4 $11 Rxc4 22. Rac1) 21... Qd5 (21... Qc2 $15 {feels stronger.}) 22. Qxd5 $11 Nxd5 23. Bxe7 Nxe7 24. Rac1 {[%emt 0:06:25] Inhibits Rc2.} g6 25. Kf1 Rfd8 26. Ke2 Nd5 ({Better is} 26... Ra8 $14) 27. g3 (27. Rxc8 $16 Rxc8 28. Rc1 Rxc1 29. Nxc1) 27... Kf8 (27... Nb6 $1 $11) 28. Kd3 Ke7 (28... Ra8 $14) 29. Nc5 (29. Rxc8 $16 Rxc8 30. a5) 29... Rc6 30. Kc4 (30. Nb7 $5 Rdc8 31. Rxc6 Rxc6 32. Nc5 $11) 30... g5 31. Kb3 Rdc8 32. a5 h5 33. Nd3 Kd6 34. Rc5 f6 {[%emt 0:00:53] This move loses the game for Black.} (34... Rxc5 $16 35. dxc5+ (35. Nxc5 Ke7 $14) 35... Ke7) 35. Rdc1 $18 {[%emt 0:01:19] aiming for Rxc6+.} (35. Nxb4 Rxc5 36. dxc5+ Rxc5 $15) 35... Rxc5 36. Nxc5 {[%emt 0:03:31][%mdl 4096] Endgame Hoping for Nb7+. KRN-KRN} (36. dxc5+ Kc6 $14) 36... Ke7 37. Rc4 Rc6 (37... Ra8 {was necessary.} 38. Rc2 Nc7) 38. Nd3 Kd6 {[%emt 0:03:54] [#]} (38... Rd6 39. Rc8 (39. Nxb4 Nxb4 40. Rxb4 Rd5 $16) 39... Kd7) 39. Nxb4 Rxc4 40. Kxc4 {[%emt 0:00:06] KN-KN} Nc7 41. Na2 f5 42. Nb4 e5 (42... h4 $142 43. gxh4 gxh4) 43. dxe5+ Kxe5 44. f3 $2 {[%emt 0:00:26] [#]} (44. Kc5 Ne8 45. Nxa6) 44... h4 $2 (44... Kd6 45. f4 gxf4) 45. Kc5 h3 46. Kb6 f4 47. Nc6+ Kd6 48. Nd4 Ke5 (48... Nd5+ $142 49. Kxa6 fxg3 50. Nf5+ Kc6 51. Nxg3 Nb4+ 52. Ka7 Kb5) 49. Ne2 fxg3 50. Nxg3 Kf4 51. Kxc7 {[%emt 0:01:24] White mates.} Kxf3 {[%emt 0:00:09] KN-K3P} 52. b4 Kg2 53. b5 axb5 54. a6 Kxh2 55. Nf1+ Kg1 56. a7 Kxf1 57. a8=Q g4 58. Qe4 Kf2 59. Qf4+ {[%emt 0:00:13] Weighted Error Value: White=0.40/Black=0.48} 1-0

[Event "58th Akiba Rubinstein D 2022"]
[Site "Polanica-Zdroj"]
[Date "2022.08.19"]
[Round "7.2"]
[White "Lewandrowski, Tomasz"]
[Black "Kraczek, Cezary"]
[Result "1/2-1/2"]
[ECO "A45"]
[WhiteElo "1902"]
[BlackElo "1657"]
[Annotator "TA"]
[PlyCount "112"]
[EventDate "2022.08.13"]
[EventCountry "POL"]
[SourceTitle "playchess.com"]
[Source "ChessBase"]
[SourceQuality "1"]
[TimeControl "40/5400+30:1800+30"]

1. d4 Nf6 2. Nc3 d5 3. Bf4 g6 4. e3 Bg7 5. h4 h5 6. Qd2 {[%emt 0:02:35] D00: 1 d4 d5: Unusual lines.} a6 7. Nf3 Nbd7 8. Ne5 {[%emt 0:02:43] [#] White has an edge.} c5 $146 ({Predecessor:} 8... Ne4 9. Nxe4 dxe4 10. Nxd7 Bxd7 11. O-O-O Bg4 12. Be2 Bxe2 13. Qxe2 Qd5 14. Kb1 O-O-O {½-½ (23) Lund,G (2228)-Petersson,B (2148) Stockholm 2018}) 9. Nxd7 Bxd7 10. Be5 (10. dxc5 $14 O-O 11. O-O-O) 10... cxd4 (10... Bc6 $11) 11. Qxd4 $14 Bc6 (11... O-O $14) 12. O-O-O $16 Rc8 13. Be2 (13. f3 $16) 13... Qd7 {[%emt 0:12:56] Against g4} 14. Kb1 O-O (14... b5 $142) 15. Rdg1 ({White should try} 15. g4 $16) 15... Bb5 $2 (15... Ne8 $1 $11) 16. Nxb5 $18 axb5 {[%emt 0:00:31] [#]} 17. g4 $1 Qc6 18. c3 {[%emt 0:02:53] Active counter play!} hxg4 19. Bxg4 Ra8 {[%emt 0:03:37] [#] aiming for ...Ra4.} 20. Bd1 {[%emt 0:04:27] Prevents Ra4. This bishop pair is nice.} Qc4 21. Qxc4 ({Better is} 21. Bb3 $18 Qxd4 22. Bxd4 (22. exd4 Nd7 $18) (22. cxd4 e6 $16)) 21... bxc4 $14 22. Bxf6 Bxf6 23. h5 Kg7 24. hxg6 {[%emt 0:00:59] Strongly threatening Rh7+.} fxg6 25. Bc2 Rh8 $1 26. Rxh8 Rxh8 27. Bxg6 {[%emt 0:00:09][%mdl 4096] Endgame Hoping for Be4+. KRB-KRB} e6 28. f4 (28. e4 $5 ) 28... Kf8 29. e4 Ke7 30. exd5 exd5 31. Re1+ Kd6 32. Bf7 {[%emt 0:00:48] Re6+ is the strong threat.} Kc5 33. a3 Rd8 34. Re6 Rd6 35. Re8 Rd8 36. Re2 Rd6 37. f5 d4 38. cxd4+ Bxd4 39. Rc2 b5 40. b4+ Kb6 41. Rg2 ({White should play} 41. Be8 $14) 41... Bf6 42. Kc2 c3 (42... Kc7 $11) 43. Bh5 Rd2+ 44. Rxd2 cxd2 $11 {[%emt 0:00:09] KB-KB} 45. Kb3 Ka6 46. Be2 Kb6 47. Bf3 Ka6 48. Kc2 Kb6 49. Be2 ({Don't take} 49. Kxd2 Bb2 $14) 49... Be5 50. Kb3 Bf6 {[%emt 0:00:20] The position is equal.} 51. a4 bxa4+ 52. Kxa4 Bg5 53. Kb3 Bf6 54. Kc2 Be7 55. Kb3 Bg5 56. Kc4 Be7 {[%emt 0:00:24] White really could win this.  Weighted Error Value: White=0.14 (very precise) /Black=0.18 (very precise)} 1/2-1/2

[Event "58th Akiba Rubinstein D 2022"]
[Site "Polanica-Zdroj"]
[Date "2022.08.19"]
[Round "7.3"]
[White "Straszewski, Tomasz"]
[Black "Gibala, Adam"]
[Result "1/2-1/2"]
[ECO "A40"]
[WhiteElo "1716"]
[BlackElo "1549"]
[Annotator "NA RC"]
[PlyCount "84"]
[EventDate "2022.08.13"]
[EventCountry "POL"]
[SourceTitle "playchess.com"]
[Source "ChessBase"]
[SourceQuality "1"]
[TimeControl "40/5400+30:1800+30"]

1. d4 Nf6 2. c4 e6 3. g3 c5 4. d5 exd5 5. cxd5 d6 6. Nc3 g6 7. Bg5 h6 8. Bf4 Nh5 9. Qa4+ Qd7 10. Qe4+ Be7 11. Bxd6 Qxd6 12. Nb5 Qd8 13. d6 Na6 14. O-O-O Be6 15. Qxb7 Bg5+ 16. f4 Nxf4 17. gxf4 Bxf4+ 18. Kb1 Bxa2+ 19. Ka1 Bb3 20. Nc7+ Nxc7 21. Qxb3 Ne6 22. Bh3 Rb8 23. Qc3 O-O 24. Bxe6 fxe6 25. Nf3 Kh7 26. Rhg1 Qf6 27. Qa3 Rb7 28. e4 Rfb8 29. Rg2 Rb3 30. Qxc5 Kh8 31. e5 Qd8 32. Nd4 R3b6 33. Nxe6 Qd7 34. Qd5 Qa4+ 35. Kb1 Rb5 36. Qd4 Rb4 37. Qd5 R4b5 38. Rd4 Rxd5 39. Rxa4 Bxe5 40. Rxa7 Rxd6 41. Rxg6 Rxb2+ 42. Kc1 Rc6+ 1/2-1/2

[Event "58th Akiba Rubinstein D 2022"]
[Site "Polanica-Zdroj"]
[Date "2022.08.19"]
[Round "7.4"]
[White "Kryzia, Wiktor"]
[Black "Galuszka, Kamil"]
[Result "1/2-1/2"]
[ECO "C10"]
[WhiteElo "1764"]
[BlackElo "1976"]
[Annotator "TA"]
[PlyCount "102"]
[EventDate "2022.08.13"]
[EventCountry "POL"]
[SourceTitle "playchess.com"]
[Source "ChessBase"]
[SourceQuality "1"]
[TimeControl "40/5400+30:1800+30"]

1. e4 e6 2. d4 d5 3. Nd2 dxe4 4. Nxe4 Nd7 5. Nf3 Ngf6 6. Nxf6+ Nxf6 7. Bd3 {[%emt 0:00:14] 7.c3 injects fresh life into this line.} Bd6 8. O-O {[%emt 0:02:45] C10: French with 3 Nc3: Unusual Black 3rd moves and 3...dxe4.} O-O 9. c3 b6 10. Bg5 {[%emt 0:04:53] White is slightly better.} Bb7 11. Qe2 Bxf3 12. Qxf3 Be7 13. Rfe1 Qd5 {[%emt 0:10:44] [#]} 14. Be4 $146 ({Predecessor:} 14. Qe3 Rad8 15. f4 c5 16. Qh3 g6 17. Qh4 Kg7 18. Bh6+ Kg8 19. Bxf8 Rxf8 20. Rad1 Qxa2 21. Qf2 cxd4 22. cxd4 {½-½ (54) Redondo Flores,D (2008)-Narbon Lainez,R (1920) Valencia 2009}) 14... Nxe4 15. Bxe7 Rfe8 16. Qxe4 (16. Bh4 {is more complex.} Nd6 17. Qg4 Qf5 18. h3) 16... Qxe4 17. Rxe4 Rxe7 $11 {[%emt 0:00:05][%mdl 4096] Endgame KRR-KRR} 18. Rae1 Rd7 19. f4 g6 20. g4 Kg7 21. Re5 Rad8 22. b4 Rd5 23. Rxd5 Rxd5 {[%emt 0:00:07] KR-KR} 24. Re5 Rd6 25. g5 Rc6 26. Re3 Rc4 27. b5 (27. Kf2 $11) 27... Ra4 28. Re2 Kf8 29. Kf2 Ra3 30. Rc2 $1 Ke7 31. Ke3 a6 32. bxa6 Rxa6 33. Kd3 Ra8 34. Kc4 Kd6 35. Rb2 h5 36. h4 Ra5 37. Kb4 Rf5 38. Rf2 c6 39. a4 {[%emt 0:00:14] Prevents Rb5+.} Kd5 40. Rf1 (40. Ka3 $1 $11 {remains equal.}) 40... Ke4 $17 41. c4 Kxd4 {[%emt 0:36:19] [#] White must now prevent ...Ke3.} (41... Rxf4 $2 42. Rxf4+ Kxf4 43. c5 bxc5+ 44. Kxc5 $18) 42. Rd1+ Ke4 43. Rd6 Rc5 (43... Kxf4 $17 {Threatens to win with ...e5.} 44. Rxc6 e5 45. Rxb6 e4) 44. Rd7 $11 Kxf4 45. Rxf7+ Kg4 46. Rf6 $2 ({White has to play} 46. Rb7 $11) 46... Kxh4 47. Rxg6 e5 ({Inferior is} 47... Rxg5 48. Rxe6 Kg4 49. Rxc6 $11) (47... Re5 $17 {And now ...Kg3 would win.} 48. Rg8 Kg4) 48. a5 $1 {[%emt 0:00:20] The position is equal.} Rxa5 49. Rxc6 Kxg5 50. Rxb6 Ra1 {[%emt 0:00:00] [#] Strongly threatening ...h4.} 51. Re6 Kf5 {[%emt 0:00:49] Weighted Error Value: White=0.15 (very precise) /Black=0.14 (very precise)} 1/2-1/2